 Dungeon Crawl Stone Soup version 0.31-a0-216-g22e908daa7 (webtiles) character file.

Game seed: 3213869822320344527

372 Gargoyl the Chopper (level 6, -3/39 HPs)
             Began as a Gargoyle Berserker on July 2, 2023.
             Was a Believer of Trog.
             Slain by Blork the orc
             ... wielding a +3 heavy dire flail
              (15 damage)
             ... on level 4 of the Dungeon.
             The game lasted 00:03:08 (2474 turns).

Gargoyl the Chopper (Gargoyle Berserker)            Turns: 2474, Time: 00:03:08

Health: -3/39      AC: 12    Str: 27    XL:     6   Next: 71%
Magic:  15/15      EV: 13    Int:  2    God:    Trog [**....]
Gold:   155        SH:  0    Dex: 17    Spells: 5/5 levels left

rFire   + . .        a - +1 hand axe
rCold   + + .        (no shield)
rNeg    + . .        l - +2 robe "Decvubuita" {rC+ Str+6 Int-5}
rPois   ∞            k - +2 helmet
rElec   +            t - +0 cloak
rCorr   +            (no gloves)
SInv    .            (no boots)
Will    ++...        (no amulet)
Stlth   ++           i - +6 ring of dexterity
HPRegen 1.26/turn    b - ring of magical power
MPRegen 0.14/turn

%: no passive effects
@: resistant, strong-willed, on berserk cooldown, regenerating, slowed, very
slow
A: sickness immunity, AC +4, negative energy resistance 1, electricity
resistance, torment resistance 1, petrification resistance
a: Renounce Religion, Berserk, Trog's Hand


You were on level 4 of the Dungeon.
You worshipped Trog.
Trog was pleased with you.
You visited 1 branch of the dungeon, and saw 4 of its levels.

You collected 155 gold pieces.

Inventory:

Hand Weapons
 a - a +1 hand axe (weapon)
Missiles
 f - 4 poisoned darts
Armour
 k - a +2 helmet (worn)
 l - the +2 robe "Decvubuita" (worn) {rC+ Str+6 Int-5}
   (You found it on level 2 of the Dungeon)

   Str:       It affects your strength (+6).
   Int:       It affects your intelligence (-5).
   rC:        It protects you from cold.
 t - a +0 cloak (worn)
Jewellery
 b - a ring of magical power (right hand)
 i - a +6 ring of dexterity (left hand)
Wands
 g - a wand of iceblast (8)
Scrolls
 h - 3 scrolls of fog
 p - a scroll of identify
 q - a scroll of amnesia {unknown}
 r - a scroll of blinking {unknown}
 s - a scroll of enchant armour {unknown}
Potions
 c - 2 potions of attraction {unknown}
 d - 2 potions of enlightenment {unknown}
 e - a potion of might {unknown}
 j - a potion of resistance
 m - a potion of mutation {unknown}
 n - 2 potions of curing {unknown}
 o - 5 potions of haste {unknown}
 u - a potion of brilliance {unknown}


   Skills:
 + Level 4.3 Fighting
 + Level 5.4 Axes
 + Level 2.4 Armour
 + Level 2.9 Dodging
 + Level 1.0 Stealth


You had 5 spell levels left.
You didn't know any spells.
Your spell library was empty.

Dungeon Overview and Level Annotations

Branches:
Dungeon (4/15)
 Temple: D:4-7

Altars:
Xom

Annotations:
D:4 Blork the orc


Innate Abilities, Weirdness & Mutations

You are immune to sickness and miasma.
Your stone body is resilient. (AC +4)
You are immune to poison.
You resist negative energy. (rN+)
You are resistant to electric shocks. (rElec)
You are resistant to unholy torment.
You are immune to petrification.


Message History

Blork the orc comes into view.
He is wielding a +3 heavy dire flail.
Blork the orc shouts!
Blork the orc points at you and mumbles some strange words.
The magic dart hits you.
The ball python hisses angrily.
Blork the orc casts a spell.
Blork the orc seems to speed up.
The ball python bites you but does no damage.
The ball python grabs you. The ball python constricts you.
The ball python bites you. The ball python constricts you.
You hit Blork the orc.
Blork the orc is lightly wounded.
You hit the fungus.
The fungus begins to die.
You completely miss the ball python.
Blork the orc hits you with a +3 heavy dire flail!!
Ouch! That really hurt!
The ball python barely misses you. The ball python constricts you.
The ball python barely misses you. The ball python constricts you.
Blork the orc casts a spell at you. The puff of flame misses you.
The puff of flame hits the fungus!
The fungus begins to die.
You hit Blork the orc.
Blork the orc is lightly wounded.
You hit the fungus. You hit the ball python.
You kill the ball python!
Trog accepts your kill.
Blork the orc points at you and mumbles some strange words.
The magic dart hits you.
* * * LOW HITPOINT WARNING * * *
Blork the orc closely misses you.
It was a potion of resistance.
You feel protected. Blork the orc barely misses you.
Your skin crawls.
You feel strong-willed.
A nearby fungus withers and dies. x2; Blork the orc barely misses you. x2
You completely miss Blork the orc.
Blork the orc is lightly wounded.
Blork the orc hits you with a +3 heavy dire flail!
You die...

#.# ### ###.#####...
.####.........# .#
..#...PP......##.#
...........PP....#
..PP..)....PPPP..#
......)..P....P.#
................#
.P..PP.†o@......#
PPPP...._.......#
..........#.....#
.....####.##)####
......##..##.#
...........#.########
.....................
.......##.....#######
...........########


You could see Blork the orc (fast).

Vanquished Creatures
  An ogre (D:4)
  A howler monkey (D:4)
  An orc priest (D:3)
  A sleepcap (D:3)
  Crazy Yiuf (D:3)
  Terence (D:2)
  An orc wizard (D:3)
  An iguana (D:4)
  2 adders
  A worm (D:2)
  A dart slug (D:4)
  4 orcs
  7 bats
  5 endoplasms (D:1)
  10 goblins
  4 hobgoblins
  4 jackals (D:3)
  4 quokkas
  3 ball pythons
  A frilled lizard (D:1)
  5 kobolds
  2 rats
61 creatures vanquished.

Notes
Turn   | Place    | Note
-------+----------+-------------------------------------------
     0 | D:1      | Gargoyl the Gargoyle Berserker began the quest for the Orb.
     0 | D:1      | Reached XP level 1. HP: 14/14 MP: 1/1
   179 | D:1      | Reached XP level 2. HP: 19/19 MP: 2/2
   182 | D:1      | Reached skill level 3 in Axes
   656 | D:1      | Reached XP level 3. HP: 23/23 MP: 3/3
   825 | D:2      | Identified the +2 robe "Decvubuita" {rC+ Str+6 Int-5}
  1048 | D:2      | Noticed Terence
  1056 | D:2      | Killed Terence
  1057 | D:2      | Reached XP level 4. HP: 29/29 MP: 4/4
  1331 | D:3      | Reached skill level 4 in Axes
  1337 | D:3      | Reached ** piety under Trog
  1338 | D:3      | Reached XP level 5. HP: 26/33 MP: 5/5
  1845 | D:3      | Found a runed translucent door.
  1846 | D:3      | Noticed Crazy Yiuf
  2161 | D:3      | Killed Crazy Yiuf
  2373 | D:4      | Reached XP level 6. HP: 38/38 MP: 6/6
  2417 | D:4      | Found a shimmering altar of Xom.
  2427 | D:4      | Reached skill level 5 in Axes
  2453 | D:4      | Reached skill level 1 in Stealth
  2466 | D:4      | Noticed Blork the orc
  2474 | D:4      | Slain by Blork the orc

Illustrated notes

Levels and vault maps discovered:
D:1:      minmay_arrival_shattered_statue, layout_basic, minmay_tromino_mix6
D:2:      layout_basic, skrybe_limestone_x, uniq_terence
D:3:      layout_basic, patterned_corridor, uniq_crazy_yiuf_cottage
D:4:      layout_rooms, kennysheep_mini, mainiacjoe_overflow_catch_the_wave,
          vehumet_altar_wand_db, temple_hall, uniq_blork_the_orc

Skill      XL: |  1  2  3  4  5  6 |
---------------+-------------------+-----
Axes           | 3 4 5 |  5.4
Fighting       | 4 |  4.3
Dodging        | 2 |  2.9
Stealth        | 1 |  1.0
Armour         | |  2.4

Action                     |  1- 3 |  4- 6 || total
---------------------------+-------+-------++-------
  Melee: Hand axe          |    59 |   100 ||   159
 Invoke: Berserk           |     3 |     3 ||     6
         Trog's Hand       |       |     3 ||     3
    Use: Scroll            |     1 |     4 ||     5
         Potion            |       |     1 ||     1
 Armour: Animal skin       |    17 |       ||    17
         Robe              |     5 |    47 ||    52
  Dodge: Dodged            |    49 |    57 ||   106

Table legend: (Time is in decaauts)
 A = Elapsed time spent in this place.
 B = Non-inter-level travel time spent in this place.
 C = Inter-level travel time spent in this place.
 D = Time resting spent in this place.
 E = Time spent auto-exploring this place.
 F = Levels seen in this place.
 G = Mean time per level.
                   A        B        C        D        E       F      G
               +--------+--------+--------+--------+--------+-----+--------+
         Total |   2537 |   2384 |    153 |     32 |   1783 |   4 |  634.2 |
       Dungeon |   2537 |   2384 |    153 |     32 |   1783 |   4 |  634.2 |
               +--------+--------+--------+--------+--------+-----+--------+

Top non-repeatable levels by time:
     D:3: 1132 daAuts
     D:1: 753 daAuts
     D:2: 522 daAuts
     D:4: 129 daAuts
